Map: Bastion of the Conclave

Players

llpsybogll - Winner!

  • Race: Protoss Protoss
  • Spawn Location: 0:00

billups - Winner!

  • Race: Terran Terran
  • League: Bronze
  • Spawn Location: 12:00

DeadRapper - Winner!

  • Race: Zerg Zerg
  • League: Diamond
  • Spawn Location: 12:00

MonstroTown

  • Race: Terran Terran
  • Spawn Location: 6:00

Michael

  • Race: Zerg Zerg
  • League: Gold
  • Spawn Location: 6:00

Paradox

  • Race: Zerg Zerg
  • Spawn Location: 6:00

VOD

Have the link to the VOD?

Description

Time

  • Played on: Sept. 27, 2018, 10:35 p.m.
  • Length: 11:07
Show
View Real Time Build Order
Export as new Build Order

llpsybogll Protoss - Winner!

Build Orders: Cannon Rush 

Get SALT Encoding   

  12  0:00  Probe  
  13  0:13  Probe  
  14  0:19  Pylon  
  14  0:24  Probe  
  15  0:33  Probe  
  15  0:40  Forge  
  15  0:41  Probe  
  17  0:51  Probe  
  18  0:59  Probe  
  19  1:07  Probe  
  20  1:18  Probe, Pylon  
  20  1:23  Pylon  
  21  1:30  Probe  
  22  1:39  Photon Cannon  
  22  1:40  Photon Cannon  
  22  1:57  Photon Cannon  
  22  1:59  Probe  
  23  2:03  Photon Cannon  
  23  2:11  Probe, Photon Cannon  
  24  2:22  Photon Cannon  
  24  2:23  Probe  
  25  2:35  Probe  
  26  2:38  Pylon  
  26  2:43  Probe  
  26  2:46  Pylon  
  27  2:52  Probe  
  28  3:04  Probe  
  28  3:16  Probe, Photon Cannon  
  28  3:17  Photon Cannon  
  28  3:19  Photon Cannon  
  29  3:21  Pylon  
  29  3:24  Photon Cannon  
  29  3:27  Photon Cannon  
  29  3:28  Probe  
  30  3:35  Pylon  
  30  3:46  Probe  
  31  3:56  Photon Cannon  
  31  3:57  Photon Cannon  
  31  4:03  Probe  
  31  4:04  Photon Cannon  
  32  4:11  Photon Cannon  
  32  4:15  Pylon  
  32  4:25  Probe  
  33  4:33  Probe  
  34  4:42  Probe  
  34  4:44  Pylon  
  34  4:52  Probe, Pylon  
  36  5:04  Probe  
  36  5:07  Nexus  
  36  5:10  Pylon  
  36  5:13  Probe  
  36  5:14  Pylon  
  36  5:16  Assimilator  
  36  5:20  Assimilator  
  36  5:21  Probe  
  37  5:22  Gateway  
  38  5:29  Photon Cannon  
  38  5:36  Photon Cannon  
  38  5:44  Pylon  
  38  6:10  Cybernetics Core, Probe  
  38  6:16  Probe  
  39  6:18  Assimilator, Probe  
  39  6:20  Assimilator  
  39  6:24  Probe  
  41  6:28  Probe  
  43  6:35  Nexus  
  43  6:36  Probe  
  43  6:40  Probe  
  43  6:47  Probe  
  45  6:49  Pylon  
  45  6:51  Pylon  
  45  6:52  Probe  
  47  6:58  Stargate  
  47  7:02  Stargate  
  47  7:07  Stargate  
  47  7:14  Stargate  
  47  7:19  Probe, Protoss Air Weapons Level 1, Assimilator  
  47  7:20  Probe  
  49  7:23  Assimilator  
  49  7:27  Probe  
  49  7:28  Probe  
  49  7:35  Probe  
  51  7:39  Photon Cannon  
  52  7:44  Photon Cannon  
  52  7:52  Photon Cannon  
  52  7:57  Phoenix  
  54  8:03  Phoenix  
  56  8:08  Phoenix  
  58  8:13  Probe  
  58  8:14  Probe  
  58  8:17  Probe  
  61  8:23  Phoenix  
  61  8:25  Probe x2  
  61  8:26  Probe  
  65  8:32  Photon Cannon  
  65  8:33  Probe  
  65  8:34  Photon Cannon  
  66  8:40  Phoenix  
  69  8:42  Phoenix  
  69  8:46  Phoenix  
  73  8:50  Phoenix  
  75  9:05  Phoenix  
  75  9:06  Protoss Air Armor Level 1, Pylon  
  75  9:07  Phoenix  
  75  9:08  Probe, Pylon  
  79  9:12  Probe  
  79  9:13  Probe  
  79  9:16  Probe  
  82  9:19  Phoenix  
  82  9:20  Probe  
  82  9:23  Phoenix  
  87  9:30  Phoenix  
  90  9:41  Phoenix  
  90  9:44  Phoenix  
  90  9:45  Probe x2  
  96  9:48  Phoenix  
  98  9:55  Phoenix  
  98  9:57  Probe  
  99  10:05  Phoenix  
  99  10:07  Probe  
  99  10:09  Probe, Phoenix  
  99  10:13  Phoenix  
  105  10:15  Probe  
  105  10:17  Photon Cannon  
  105  10:18  Pylon  
  105  10:20  Phoenix, Photon Cannon  
  108  10:24  Pylon  
  108  10:30  Phoenix  
  108  10:32  Nexus  
  108  10:34  Pylon  
  110  10:37  Phoenix  
  110  10:38  Pylon  
  110  10:42  Phoenix  
Show
View Real Time Build Order
Export as new Build Order

billups Terran - Winner!

Build Orders: Reaper Expand, Mech 

Get SALT Encoding   

  12  0:02  SCV  
  13  0:14  SCV  
  13  0:19  Supply Depot  
  14  0:26  SCV  
  15  0:40  SCV  
  16  0:44  Barracks  
  16  0:47  Refinery  
  16  0:52  SCV  
  17  1:06  SCV  
  18  1:18  SCV  
  19  1:30  Orbital Command  
  19  1:32  Reaper  
  20  1:44  Command Center  
  20  1:52  Supply Depot  
  20  1:57  SCV  
  21  2:05  Refinery  
  21  2:09  SCV  
  22  2:21  SCV  
  23  2:33  SCV  
  24  2:39  Command Center  
  24  2:50  SCV  
  25  2:55  Factory  
  25  2:59  Orbital Command  
  25  3:02  Barracks Reactor  
  25  3:03  SCV  
  26  3:27  SCV  
  26  3:28  SCV  
  28  3:54  SCV  
  29  3:58  Orbital Command  
  29  4:08  Factory  
  29  4:09  Hellion x2  
  33  4:10  Starport  
  33  4:11  Refinery, SCV x2  
  33  4:16  Supply Depot  
  35  4:23  SCV x2  
  37  4:32  SCV, Hellion x2  
  42  4:41  SCV  
  42  4:45  Barracks Tech Lab  
  43  4:51  SCV x2  
  43  4:52  Factory  
  45  4:53  Factory  
  45  5:03  SCV x2  
  45  5:04  Starport Reactor  
  47  5:08  SCV  
  48  5:15  SCV x2  
  48  5:18  Refinery  
  48  5:19  Supply Depot, Hellion x2  
  48  5:20  SCV  
  55  5:24  Supply Depot  
  55  5:25  Supply Depot  
  55  5:27  SCV x2  
  57  5:32  SCV, Command Center  
  58  5:39  SCV  
  59  5:49  Factory Tech Lab x2  
  59  5:50  Siege Tank  
  59  5:51  Hellion  
  59  5:52  SCV x3, Hellion  
  59  5:56  Supply Depot x2  
  69  6:04  SCV x2  
  71  6:13  Siege Tank  
  71  6:14  Siege Tank, Hellion x2  
  71  6:15  Infernal Pre-Igniter  
  71  6:17  SCV x2  
  83  6:22  Refinery  
  83  6:24  Supply Depot, SCV  
  84  6:29  SCV  
  85  6:41  Siege Tank, Hellion x2  
  85  6:42  Viking x2  
  85  6:43  SCV  
  85  6:44  SCV x2  
  85  6:45  Orbital Command  
  99  6:50  Siege Tank x2  
  105  6:55  Armory  
  105  6:56  Armory, SCV x3  
  105  7:01  Refinery  
  108  7:02  Supply Depot  
  108  7:08  SCV x3  
  111  7:11  SCV  
  111  7:13  Siege Tank  
  111  7:14  Viking x2  
  119  7:20  SCV x3  
  122  7:25  Siege Tank x2  
  122  7:26  Hellion x2  
  133  7:32  SCV x2  
  134  7:44  SCV x3  
  134  7:48  Terran Vehicle Weapons Level 1  
  134  7:50  Terran Vehicle And Ship Armor Level 1  
  137  7:56  Supply Depot x3  
  137  7:57  Supply Depot  
  137  7:58  SCV  
  137  7:59  Supply Depot  
  138  8:08  Hellion  
  138  8:11  Supply Depot x2  
  140  8:12  Supply Depot  
  140  8:14  Liberator x2  
  140  8:16  Supply Depot  
  140  8:17  Thor, SCV x2  
  140  8:18  Siege Tank x2, Hellion  
  162  8:38  Factory  
  162  8:40  Starport  
  160  9:15  Liberator x2  
  160  9:36  SCV  
  167  9:42  Siege Tank x3  
  167  9:43  Hellion x2  
  167  9:45  Factory Reactor  
  180  9:49  Orbital Command  
  180  10:00  Starport Tech Lab  
  180  10:07  Factory  
  180  10:09  Factory  
  180  10:10  Factory  
  180  10:16  SCV x3  
  180  10:17  SCV  
  184  10:31  Hellion x2  
Show
View Real Time Build Order
Export as new Build Order

DeadRapper Zerg - Winner!

Build Orders: Hatch First 

Get SALT Encoding   

  12  0:01  Drone  
  13  0:13  Overlord  
  13  0:18  Drone  
  14  0:32  Drone x2  
  16  0:38  Drone  
  17  0:53  Drone  
  18  1:01  Hatchery  
  17  1:05  Drone  
  17  1:08  Extractor  
  17  1:19  Spawning Pool  
  17  1:20  Drone  
  17  1:22  Drone  
  18  1:32  Drone  
  19  1:40  Overlord  
  19  1:51  Drone  
  20  2:03  Drone  
  20  2:06  Queen  
  23  2:09  Metabolic Boost  
  23  2:14  Zergling x2  
  23  2:15  Zergling x2  
  25  2:19  Queen  
  27  2:28  Drone x2  
  29  2:34  Drone  
  29  2:36  Baneling Nest  
  29  2:49  Overlord  
  29  2:50  Drone x2  
  31  2:55  Drone  
  32  2:59  Queen  
  34  3:20  Drone  
  34  3:21  Drone  
  34  3:38  Drone x5  
  34  3:39  Drone x2  
  41  3:43  Lair  
  41  3:49  Overlord x2  
  41  4:05  Drone x2  
  43  4:11  Drone x2  
  43  4:12  Drone x2  
  43  4:15  Hatchery  
  46  4:20  Zergling x4  
  46  4:21  Zergling x4  
  50  4:27  Extractor  
  50  4:29  Extractor  
  48  4:31  Drone x2  
  50  4:44  Drone x3  
  53  4:53  Drone x3  
  53  4:54  Queen  
  53  4:57  Baneling  
  53  4:58  Baneling x3  
  53  4:59  Zergling x2  
  59  5:00  Zergling x2  
  60  5:16  Roach Warren  
  60  5:18  Drone  
  60  5:21  Overlord x3  
  60  5:24  Centrifical Hooks, Extractor  
  60  5:26  Drone  
  60  5:27  Drone  
  61  5:35  Overlord x2  
  61  5:40  Zergling x4  
  61  5:41  Zergling x8, Queen  
  69  5:50  Zergling x6  
  71  6:05  Drone  
  72  6:15  Zergling x4  
  72  6:16  Zergling x10  
  72  6:17  Queen  
  81  6:23  Drone x8  
  81  6:45  Zergling x12  
  84  6:53  Queen  
  80  7:05  Roach x2  
  80  7:06  Roach x8  
  97  7:19  Overlord x3  
  97  7:25  Hatchery  
  97  7:26  Roach x2  
  97  7:27  Roach, Ravager x3  
  97  7:28  Ravager  
  106  7:40  Roach  
  106  7:41  Roach x6  
  106  7:42  Roach  
  122  7:45  Glial Reconstitution  
  122  7:48  Burrow  
  122  7:50  Roach x4  
  123  8:14  Roach x3  
  120  8:50  Roach x5  
  120  8:51  Roach x3  
  136  9:07  Overlord x3  
  136  9:08  Overlord x4  
  126  9:39  Ravager x3  
  126  9:40  Ravager x6  
  126  9:41  Ravager x2  
  131  10:00  Roach x5  
  132  10:17  Roach  
  132  10:18  Roach  
  136  10:26  Roach x4  
  136  10:27  Roach x5  
  163  11:06  Extractor  
Show
View Real Time Build Order
Export as new Build Order

MonstroTown Terran 

Build Orders:  

Get SALT Encoding   

  12  0:01  SCV  
  13  0:13  SCV  
  14  0:18  Supply Depot  
  14  0:25  SCV  
  15  0:40  SCV  
  15  0:42  Barracks  
  16  0:52  SCV  
  18  1:04  SCV  
  18  1:18  Command Center  
  18  1:31  Orbital Command  
  18  1:32  Marine  
  19  2:15  Bunker  
  19  2:20  Marine  
  19  2:40  Marine  
  18  2:55  Barracks  
  18  2:57  Barracks  
  18  3:15  Bunker  
  18  3:16  Bunker  
  18  3:19  Bunker  
  16  3:33  Marine  
  13  3:48  Marine x2  
  13  3:51  Marine  
  13  4:06  Marine x2  
  13  4:08  Marine  
  10  4:45  SCV x2  
  8  5:00  Marine x3  
  11  5:08  Orbital Command  
  11  5:14  SCV  
  11  5:18  Marine x2  
  15  5:26  SCV  
  15  5:37  Refinery  
  15  5:47  SCV x2  
  16  5:57  Refinery  
  16  5:59  SCV  
  16  6:00  SCV  
  18  6:07  Refinery  
  18  6:09  Refinery  
  18  6:13  Factory  
  18  6:16  SCV  
  18  6:17  SCV  
  20  6:28  SCV  
  20  6:29  SCV  
  19  6:35  Marine x2  
  19  6:36  Marine  
  22  6:41  SCV  
  22  6:46  SCV  
  24  6:53  SCV  
  25  6:59  SCV  
  26  7:05  SCV  
  27  7:11  SCV, Marine x3  
  31  7:17  SCV  
  32  7:23  SCV  
  32  7:28  Starport  
  32  7:29  Marine, SCV, Barracks  
  34  7:30  Marine  
  34  7:31  Engineering Bay  
  34  7:35  SCV  
  37  7:41  SCV  
  38  7:49  Barracks Tech Lab  
  38  7:53  Barracks Reactor  
  38  7:58  Supply Depot  
  38  7:59  Supply Depot  
  38  8:00  Liberator  
  38  8:01  Marine  
  38  8:02  SCV x2  
  40  8:19  Marine x2  
  45  8:21  SCV x2  
  47  8:33  SCV  
  48  8:37  Marauder  
  40  8:50  Cyclone  
  40  8:52  Marine x3  
  41  8:56  Marine  
  41  8:58  Marauder  
  41  9:01  Barracks  
  44  9:03  Starport Tech Lab  
  44  9:09  Marine  
  45  9:29  Marine x2  
  42  9:31  Banshee  
  42  9:35  Marine x3  
  42  9:37  Missile Turret  
  41  9:40  Missile Turret  
  41  9:45  Widow Mine  
  41  9:47  Marine x2  
  42  9:53  Marine  
  41  10:23  Marine x3  
  41  10:24  Marauder  
  46  10:40  Marine x2  
Show
View Real Time Build Order
Export as new Build Order

Michael Zerg 

Build Orders: Hatch First 

Get SALT Encoding   

  12  0:01  Drone  
  13  0:13  Overlord  
  13  0:18  Drone  
  14  0:31  Drone x2  
  14  0:35  Drone  
  17  0:45  Drone  
  18  0:58  Hatchery  
  18  1:00  Drone  
  18  1:06  Extractor  
  18  1:10  Drone  
  18  1:19  Spawning Pool  
  18  1:22  Drone  
  18  1:28  Drone  
  19  1:45  Drone  
  20  1:59  Overlord  
  20  2:06  Queen  
  22  2:16  Queen  
  22  2:18  Roach Warren  
  22  2:19  Zergling x6  
  26  2:23  Zergling x2  
  26  2:24  Zergling x2  
  28  2:31  Spine Crawler  
  28  2:34  Zergling x2  
  28  2:37  Zergling x2  
  28  2:52  Queen  
  29  3:11  Roach x3  
  35  3:14  Overlord  
  26  4:00  Roach x6  
  26  4:01  Roach x2  
  40  4:11  Roach  
  40  4:15  Drone  
  40  4:16  Drone  
  36  5:08  Drone x8  
  36  5:13  Overlord x2  
  44  5:18  Hatchery  
  43  6:16  Lair  
  43  6:20  Drone x11  
  51  6:55  Spine Crawler x2  
  51  6:57  Spore Crawler, Spine Crawler  
  51  6:59  Spine Crawler  
  51  7:01  Spore Crawler, Drone x3  
  49  7:04  Spine Crawler  
  49  7:05  Queen x2  
  51  7:10  Drone x3  
  51  7:13  Drone x4  
  58  7:40  Drone x2  
  58  7:41  Drone x5  
  65  7:54  Glial Reconstitution  
  65  7:58  Spire, Queen  
  66  8:05  Infestation Pit  
  65  8:06  Extractor, Drone  
  65  8:07  Drone  
  65  8:08  Overlord x3  
  65  8:09  Overlord x2  
  49  8:35  Spine Crawler  
  49  8:37  Spine Crawler  
  49  8:39  Spine Crawler x3  
  49  8:40  Spine Crawler  
  43  8:43  Spore Crawler, Spine Crawler  
  43  8:45  Spore Crawler  
  43  8:48  Spore Crawler, Drone x3  
  43  8:49  Spine Crawler  
  43  8:52  Roach  
  43  8:53  Roach x4  
  46  9:11  Roach  
  19  9:42  Drone x3  
  19  9:43  Queen  
  22  9:52  Spine Crawler  
  22  9:53  Spine Crawler  
  22  9:55  Spine Crawler  
  22  9:57  Spine Crawler  
  11  10:17  Mutalisk x2  
Show
View Real Time Build Order
Export as new Build Order

Paradox Zerg 

Build Orders: Hatch First 

Get SALT Encoding   

  12  0:01  Drone  
  13  0:12  Drone  
  14  0:18  Overlord  
  14  0:37  Drone x2  
  16  0:53  Hatchery  
  16  0:54  Drone  
  16  1:02  Drone x2  
  18  1:06  Extractor  
  17  1:19  Spawning Pool  
  17  1:21  Drone  
  17  1:29  Drone  
  18  1:58  Drone  
  18  1:59  Drone  
  20  2:07  Zergling x4  
  22  2:10  Spine Crawler, Queen  
  23  2:16  Zergling x4  
  23  2:19  Queen  
  25  2:39  Zergling x2  
  25  2:40  Zergling x4  
  27  2:57  Roach Warren  
  27  2:58  Drone  
  27  3:00  Zergling x4  
  22  3:31  Spine Crawler  
  22  3:33  Overlord x3, Spine Crawler  
  20  3:51  Roach  
  20  3:52  Roach  
  21  4:19  Queen  
  21  4:21  Drone x3  
  24  4:41  Roach  
  24  4:48  Roach  
  26  4:59  Roach  
  28  5:07  Roach  
  30  5:16  Roach  
  32  5:29  Roach  
  32  5:32  Extractor  
  33  5:57  Roach  
  33  5:58  Roach  
  37  6:07  Drone  
  37  6:10  Lair  
  38  7:05  Overlord x3  
  38  7:06  Overlord  
  38  7:14  Hydralisk Den, Drone  
  38  7:27  Ravager x3  
  41  7:42  Ravager  
  42  7:44  Drone x2  
  41  8:22  Roach x6  
  53  8:35  Hatchery  
  52  8:42  Roach  
  52  9:05  Zergling x2  
  52  9:06  Zergling x6  
  46  9:38  Roach x2  
  42  9:39  Roach  
  43  9:56  Roach  
  43  9:57  Roach  
  45  10:13  Roach  
  45  10:14  Roach x3  
  40  10:29  Roach  
Tags
 
Add a new tag
Caveats
  • Supply blocks, unpowered buildings, or Contaminate may cause inaccurate times.
  • Supply counts are checked every 10 seconds.